AoeStats
← Mr. Penis

MegaRandom

507950134Analyzed
4v4 RM · 11d ago on Sep 20, 2026· 51m 49s· 8 players
Game mode
Random Map
Map size
Large (8 player)
Population
200
Speed
Normal
Resources
Standard
Victory
Conquest
Starting age
Dark Age
Ending age
Imperial Age
RankedLock teamsTeams togetherTeam positionsShared explorationLock speedFull tech treeHidden civsTurbo modeCheats
Victory
Defeat
🇭🇺 Huns · Hungary
1345
+14
🇳🇱 Persians · Netherlands
1342
+14
🇫🇷 Franks · France
1323
+15
🇷🇺 Jurchens · Russia
1256
+18
🇹🇼 Britons · Taiwan
1373
-18
🇨🇳 Poles · China
1304
-15
🇸🇪 Magyars · Sweden
1264
-14
🇳🇱 Khmer · Netherlands
1258
-14
Stawes_Dela
8:31 Loom
10:41 Feudal Age
14:31 Castle Age
13:42 Double-Bit Axe
13:39 Horse Collar
17:05 Wheelbarrow
22:26 Bow Saw
23:36 Heavy Plow
24:44 Hand Cart
27:06 Scale Barding Armor
27:12 Forging
31:46 Imperial Age
29:54 Bloodlines
29:44 Husbandry
30:26 Chain Barding Armor
31:23 Iron Casting
30:47 Gold Mining
30:55 Stone Mining
31:51 Town Watch
32:18 Cavalier
33:35 Plate Barding Armor
33:54 Ballistics
34:38 Chemistry
34:18 Savar
36:00 Blast Furnace
37:35 Conscription
37:51 Masonry
38:17 Scale Mail Armor
40:03 Heavy Scorpion
41:10 Ballistics
41:58 Citadels
42:05 Fletching
42:31 Chain Mail Armor
42:59 Bodkin Arrow
45:57 Plate Mail Armor
45:28 Padded Archer Armor
47:23 Pikeman
48:03 Squires
48:20 Leather Archer Armor
48:20 Halberdier
49:32 Ring Archer Armor
51:03 Town Patrol
SarahConnor
12:16 Feudal Age
16:24 Castle Age
14:25 Double-Bit Axe
15:49 Gold Mining
23:28 Bow Saw
24:16 Loom
27:20 Stone Mining
32:21 Scale Barding Armor
32:38 Forging
33:03 Husbandry
33:53 Wheelbarrow
38:09 Imperial Age
36:41 Chain Barding Armor
36:57 Iron Casting
37:03 Hand Cart
38:28 Town Watch
38:10 Cavalier
39:13 Conscription
38:56 Chivalry
39:48 Plate Barding Armor
41:13 Blast Furnace
39:53 Paladin
43:37 Gold Shaft Mining
48:43 Coinage
50:09 Banking
Mr. Penis
11:39 Feudal Age
15:32 Castle Age
15:40 Double-Bit Axe
15:38 Horse Collar
16:38 Bow Saw
19:20 Loom
19:58 Fervor
25:38 Heavy Plow
25:31 Gold Mining
26:28 Stone Mining
27:59 Gold Shaft Mining
28:07 Stone Shaft Mining
28:24 Wheelbarrow
27:35 Town Watch
28:41 Scale Barding Armor
29:39 Hand Cart
30:12 Bloodlines
30:18 Forging
30:34 Husbandry
37:51 Imperial Age
38:28 Chain Barding Armor
39:13 Conscription
39:44 Hoardings
39:10 Fortified Bastions
40:39 Crop Rotation
41:17 Two-Man Saw
41:52 Guilds
43:42 Plate Barding Armor
43:43 Iron Casting
42:58 Fletching
43:29 Elite Iron Pagoda
51:33 Caravan
52:23 Bodkin Arrow
53:29 Blast Furnace
PZ|NagyGeri1
11:58 Feudal Age
13:11 Double-Bit Axe
13:20 Loom
17:42 Castle Age
16:07 Fletching
17:21 Horse Collar
18:26 Bodkin Arrow
20:30 Town Watch
23:22 Bow Saw
24:21 Wheelbarrow
24:55 Padded Archer Armor
24:58 Husbandry
25:09 Bloodlines
25:02 Husbandry
25:37 Forging
27:07 Heavy Plow
28:18 Thumb Ring
28:41 Gold Mining
31:49 Hand Cart
35:54 Imperial Age
33:33 Scale Barding Armor
34:48 Marauders
35:25 Chain Barding Armor
36:09 Gold Shaft Mining
37:30 Iron Casting
37:34 Plate Barding Armor
36:36 Capped Ram
38:19 Iron Casting
38:24 Elite Tarkan
42:27 Blast Furnace
46:36 Two-Man Saw
47:11 Siege Ram
51:19 Conscription
ikaros
7:24 Loom
10:25 Feudal Age
13:42 Double-Bit Axe
21:04 Castle Age
21:22 Scale Barding Armor
22:14 Bloodlines
22:30 Husbandry
23:29 Chain Barding Armor
22:48 Light Cavalry
27:30 Bow Saw
29:33 Gold Mining
33:09 Imperial Age
31:41 Wheelbarrow
34:23 Gold Shaft Mining
33:14 Cavalier
34:32 Plate Barding Armor
34:20 Town Watch
36:12 Pikeman
37:05 Scale Mail Armor
38:32 Conscription
39:53 Halberdier
43:20 Chain Mail Armor
43:22 Corvinian Army
47:52 Hand Cart
48:10 Fletching
Pumpk1nL0rd
12:26 Feudal Age
10:46 Loom
13:50 Double-Bit Axe
15:45 Horse Collar
19:04 Castle Age
17:52 Wheelbarrow
17:02 Town Watch
22:16 Bloodlines
22:07 Husbandry
21:28 Light Cavalry
27:10 Scale Barding Armor
29:18 Bow Saw
31:23 Hand Cart
31:58 Fervor
32:32 Caravan
37:16 Imperial Age
35:34 Town Patrol
36:00 Chain Barding Armor
35:51 Forging
38:34 Plate Barding Armor
38:36 Iron Casting
37:28 Elite Battle Elephant
38:30 Conscription
41:05 Devotion
47:19 Blast Furnace
小小財
5:18 Loom
11:55 Feudal Age
12:24 Double-Bit Axe
17:19 Castle Age
15:44 Horse Collar
16:41 Fletching
21:44 Bow Saw
21:28 Gold Mining
21:31 Stone Mining
22:52 Bodkin Arrow
28:28 Yeomen
29:28 Ballistics
31:19 Wheelbarrow
35:03 Imperial Age
34:16 Padded Archer Armor
36:24 Gold Shaft Mining
36:14 Conscription
36:07 Bracer
36:23 Leather Archer Armor
36:52 Elite Longbowman
44:27 Chemistry
44:30 Hand Cart
Dd
7:40 Loom
12:27 Feudal Age
19:40 Castle Age
18:34 Horse Collar
20:58 Double-Bit Axe
22:32 Heavy Plow
25:11 Bow Saw
27:01 Gold Mining
27:01 Stone Mining
28:37 Wheelbarrow
29:50 Hand Cart
30:57 Scale Barding Armor
31:03 Forging
33:27 Imperial Age
31:44 Szlachta Privileges
33:49 Bloodlines
33:39 Husbandry
34:37 Stone Shaft Mining
34:50 Iron Casting
34:36 Chain Barding Armor
34:39 Conscription
34:40 Lechitic Legacy
33:45 Light Cavalry
33:46 Cavalier
34:33 Winged Hussar
36:58 Chemistry
36:33 Crop Rotation
37:50 Blast Furnace
38:10 Scale Mail Armor
38:01 Fletching
37:50 Elite Obuch
41:13 Squires
40:58 Arson
41:32 Chain Mail Armor
41:13 Bodkin Arrow
41:42 Ballistics
41:04 Treadmill Crane
51:02 Plate Mail Armor
50:34 Bracer
Connection lost

Rejoining the realm…

Still unreachable

The connection could not be restored.

Session expired

The server has moved on; the page needs a fresh start.